 Dungeon Crawl Stone Soup version 0.31.0-11-ge490571c62 (webtiles) character file.

Game seed: 2012051094317166669

134 thirtiethelement the Chopper (level 4, -3/36 HPs)
             Began as a Demonspawn Berserker on Jan 29, 2024.
             Was a Believer of Trog.
             Killed by divine providence
             ... invoked by an orc priest
              (12 damage)
             ... on level 3 of the Dungeon.
             The game lasted 00:02:59 (1808 turns).

thirtiethelement the Chopper (Demonspawn Berserker) Turns: 1808, Time: 00:03:00

Health: -3/36      AC:  5    Str: 19    XL:     4   Next: 95%
Magic:  4/4        EV: 11    Int:  7    God:    Trog [**....]
Gold:   102        SH:  0    Dex: 13    Spells: 3/3 levels left

rFire   . . .        a - +0 hand axe
rCold   . . .        (no shield)
rNeg    . . .        g - +0 ring mail
rPois   .            (helmet restricted)
rElec   .            d - scarf {repulsion}
rCorr   .            (no gloves)
SInv    .            (no boots)
Will    +++..        (no amulet)
Stlth   +            f - ring of willpower
HPRegen 1.26/turn    (no ring)
MPRegen 0.09/turn

%: repel missiles
@: strong-willed, regenerating
A: horns 2
a: Renounce Religion, Berserk, Trog's Hand


You were on level 3 of the Dungeon.
You worshipped Trog.
Trog was pleased with you.
You visited 1 branch of the dungeon, and saw 3 of its levels.

You collected 102 gold pieces.

Inventory:

Hand Weapons
 a - a +0 hand axe (weapon)
Missiles
 n - 3 boomerangs (quivered)
Armour
 d - a scarf of repulsion (worn)
 g - a +0 ring mail (worn)
Jewellery
 f - a ring of willpower (left hand)
Scrolls
 b - 3 scrolls of teleportation {unknown}
 e - 4 scrolls of identify {unknown}
 i - a scroll of amnesia {unknown}
 k - a scroll of noise {unknown}
 m - a scroll of vulnerability {unknown}
 o - a scroll of brand weapon {unknown}
 p - a scroll of enchant armour {unknown}
Potions
 c - a potion of heal wounds {unknown}
 h - a potion of invisibility {unknown}
 j - 2 potions of curing {unknown}
 l - 2 potions of lignification {unknown}


   Skills:
 + Level 3.6 Fighting
 + Level 3.9 Axes
 + Level 2.7 Armour
 + Level 2.2 Dodging
 + Level 0.6 Stealth


You had 3 spell levels left.
You didn't know any spells.
Your spell library contained the following spells:

 Spells                   Type           Power      Damage    Failure   Level
 Alistair's Intoxication  Alch           0%         N/A       100%        5
 Borgnjor's Vile Clutch   Necr/Erth      0%         N/A       100%        5
 Eringya's Noxious Bog    Alch           0%         4d6       100%        6


Dungeon Overview and Level Annotations

Branches:
Dungeon (3/15)

Altars:


Innate Abilities, Weirdness & Mutations

You have a pair of horns on your head.


Message History

An orc comes into view. It is wielding a +0 short sword.
An orc priest comes into view. It is wielding a +0 club.
The orc moves out of view.
You hear an angry hiss.
You see here a fizzy dark potion.
You barely miss the orc wizard.
The orc wizard hits you with a +0 dagger.
You hit the orc wizard. You headbutt the orc wizard.
The orc wizard is heavily wounded.
The orc wizard misses you.
You hit the orc wizard.
The orc wizard is almost dead.
You barely miss the orc. The orc wizard closely misses you.
The orc hits you with a +0 dagger.
You barely miss the orc wizard. Your headbutt misses the orc wizard.
The orc wizard is almost dead.
You hit the orc but do no damage.
The orc wizard hits you with a +0 dagger.
You closely miss the orc priest. You miss the orc wizard.
You hit the orc but do no damage.
The orc priest calls down the wrath of Beogh upon you.
Beogh smites you!
* * * LOW HITPOINT WARNING * * *
You hit the orc wizard. Your headbutt misses the orc wizard.
The orc wizard is almost dead.
You hit the orc but do no damage. You barely miss the orc priest.
The orc barely misses you. The orc priest completely misses you.
The orc wizard closely misses you. The orc priest hits you with a +0 club.
* * * LOW HITPOINT WARNING * * *
The orc barely misses you.
Your skin crawls.
You feel strong-willed.
The orc wizard hits you but does no damage.
The orc barely misses you. The orc priest barely misses you.
You fail to use your ability.
The orc wizard misses you. The orc hits you with a +0 dagger.
* * * LOW HITPOINT WARNING * * *
The orc priest mumbles some strange prayers to Beogh against you.
Beogh smites you!
You die...

#.# #...# #.# #...#
#######.#####o..# #####
............oo..# #.. ....#
#######.#######.# #.. ..).#######
#.# .####.. ..........# #o#
...##..##
..........####o#########..#....
........†.<...oo@.......#.....#
..........####.oo.......##....###
....####### #..........##.......
....# #..........##....###
....###### #....).....###.>.###
.........# #.#####.#### #......
###......# #.#...)†...# #.#.##.
#......# ..#........###.#.##.
#......# ...#....).......#.##.


You could see an orc priest, an orc wizard and 3 orcs.

Vanquished Creatures
  An orc priest (D:3)
  Jessica (D:2)
  4 adders
  3 orcs (D:3)
  3 endoplasms
  2 giant cockroaches (D:1)
  2 hobgoblins
  4 jackals (D:1)
  3 kobolds
  A quokka (D:1)
  4 ball pythons
  5 bats
  5 frilled lizards
  4 goblins
  A rat (D:3)
43 creatures vanquished.

Notes
Turn   | Place    | Note
-------+----------+-------------------------------------------
     0 | D:1      | thirtiethelement the Demonspawn Berserker began the quest
                  | for the Orb.
     0 | D:1      | Reached XP level 1. HP: 18/18 MP: 1/1
   179 | D:1      | Gained mutation: You have a pair of small horns on your
                  | head. [demonic ancestry]
   179 | D:1      | Reached XP level 2. HP: 24/24 MP: 2/2
   442 | D:1      | Found a faded altar of an unknown god.
   784 | D:2      | Noticed Jessica
   788 | D:2      | Killed Jessica
   789 | D:2      | Reached XP level 3. HP: 26/29 MP: 3/3
  1446 | D:3      | Reached ** piety under Trog
  1448 | D:3      | Gained mutation: You have a pair of horns on your head.
                  | [demonic ancestry]
  1448 | D:3      | Reached XP level 4. HP: 35/35 MP: 4/4
  1808 | D:3      | Killed from afar by an orc priest

Illustrated notes

Levels and vault maps discovered:
D:1:      minmay_arrival_five_plusses, layout_loops_cross,
          chequers_ecumenical_altar_simple_redux, minmay_tromino_i4
D:2:      layout_loops_ring, nicolae_elevator_lobby_asterisk, uniq_jessica
D:3:      layout_basic

Skill      XL: |  1  2 |
---------------+-------+-----
Axes           | 3 |  3.9
Dodging        | 2 |  2.2
Armour         | 2 |  2.7
Fighting       | |  3.6
Stealth        | |  0.6

Action                     |  1- 3 |  4- 6 || total
---------------------------+-------+-------++-------
  Melee: Hand axe          |    77 |    36 ||   113
         Headbutt          |     7 |     7 ||    14
 Invoke: Trog's Hand       |       |     1 ||     1
 Armour: Animal skin       |    13 |       ||    13
         Ring mail         |    16 |    29 ||    45
  Dodge: Dodged            |    73 |    31 ||   104
         Repelled          |     1 |       ||     1
